 Dungeon Crawl Stone Soup version 0.27.1-2-g3b301248ec (webtiles) character file.

Game seed: 8925317181688710259

65 Descartes the Sneak (level 3, -6/18 HPs)
             Began as a Spriggan Warper on Oct 2, 2021.
             Killed from afar by Natasha (9 damage)
             ... with a magic dart
             ... on level 2 of the Dungeon.
             The game lasted 00:05:02 (2770 turns).

Descartes the Sneak (Spriggan Warper)               Turns: 2770, Time: 00:05:02

Health: -6/18      AC:  2    Str:  8    XL:     3   Next: 94%
Magic:  8/8        EV: 17    Int: 14    God:
Gold:   68         SH:  0    Dex: 14    Spells: 7/7 levels left

rFire    . . .     SeeInvis +   a - +0 short sword
rCold    . . .     Faith    .   (shield restricted)
rNeg     . . .     Spirit   .   h - +0 robe
rPois    .         Reflect  .   (helmet restricted)
rElec    .         Harm     .   (no cloak)
rCorr    .         Rampage  .   (gloves unavailable)
Will     .....                  (boots unavailable)
Stlth    +++.......             (no amulet)
HPRegen  0.06/turn              (no ring)
MPRegen  0.11/turn              (no ring)

@: very quick
A: very small, no large weapons, unfitting armour, see invisible, speed 3
a: no special abilities


You were on level 2 of the Dungeon.
You visited 1 branch of the dungeon, and saw 2 of its levels.

You collected 68 gold pieces.

Inventory:

Hand Weapons
 a - a +0 short sword (weapon)
 b - a +0 hunting sling
Missiles
 d - 5 boomerangs of dispersal (quivered)
 e - 46 stones
 i - 45 poisoned darts
 j - 17 arrows
 k - 19 bolts
Armour
 h - a +0 robe (worn)
Scrolls
 c - 2 scrolls of blinking
 f - 2 scrolls of identify {unknown}
Potions
 g - a potion of heal wounds {unknown}
 l - a potion of flight {unknown}
 m - a potion of attraction {unknown}
 n - a potion of might {unknown}
 o - a potion of curing {unknown}


   Skills:
 - Level 1.5 Fighting
 - Level 2.1 Short Blades
 - Level 1.0 Throwing
 + Level 3.2 Dodging
 + Level 5.9 Stealth
 - Level 2.6 Spellcasting
 - Level 4.4 Translocations


You had 7 spell levels left.
You didn't know any spells.
Your spell library contained the following spells:

 Spells                   Type           Power      Damage    Failure   Level
 Blink                    Tloc           N/A        N/A       5%          2
 Gell's Gravitas          Tloc           7%         N/A       11%         3
 Lesser Beckoning         Tloc           7%         N/A       11%         3
 Teleport Other           Tloc           14%        N/A       11%         3
 Conjure Flame            Conj/Fire      1%         6-21      54%         3
 Ignite Poison            Fire/Tmut/Pois 1%         N/A       54%         3
 Manifold Assault         Tloc           14%        N/A       71%         5
 Sticky Flame             Conj/Fire      1%         2d3       91%         4


Dungeon Overview and Level Annotations

Branches:
Dungeon (2/15)

Altars:

Annotations:
D:2 Natasha


Innate Abilities, Weirdness & Mutations

You are very small and have problems with some larger weapons.
You are too small for most types of armour.
You have supernaturally acute eyesight. (SInv)
You cover ground extremely quickly. (Speed+++)


Message History

b - a +0 hunting sling (weapon)
Natasha hisses angrily.
You shoot a stone. The stone hits Natasha.
Natasha is moderately wounded.
You shoot a stone.
The stone hits Natasha but does no damage.
Natasha is moderately wounded.
Natasha extends her claws.
You shoot a stone.
The stone hits Natasha but does no damage.
Natasha is moderately wounded.
Natasha casts a spell at you. The magic dart hits you.
a - a +0 short sword (weapon)
You hit Natasha.
Natasha is heavily wounded.
Natasha claws you.
You are too injured to fight recklessly!
You are too injured to fight recklessly!
Natasha hisses.
Natasha misses you.
You hit Natasha.
Natasha is almost dead.
Natasha barely misses you.
You closely miss Natasha.
Natasha is severely wounded.
Natasha misses you.
You hit Natasha.
Natasha is almost dead.
Natasha claws you!
* * * LOW HITPOINT WARNING * * *
You closely miss Natasha.
Natasha is almost dead.
Natasha misses you.
You closely miss Natasha.
Natasha is almost dead.
Natasha stares at you and mumbles some strange words.
The magic dart hits you!
Ouch! That really hurt!
You die...

#.##...##.......hS.## #..# ...
#....†.# ...... .#..g ..#
#...#### ...)##...# ##
#.####...###### ........#. #.
......†........ ....#..|. .#.
.##......#....# ####(....... ...
.....#.).####.####..(....# #..
.....#...# #..#..(###.....# ##.
.....#...# #..@h..####...## #.
........######....#....# .... #.
......#....#......####.###.##.##.
.....####........................
..........####.....##......##....
.....#.....#...###.##...........#
#..###.###...### #...............
#....#.#...#...###...............
#........#####.....[.............


You could see Natasha.

Vanquished Creatures
  2 adders
  A worm (D:1)
  4 ball pythons
  3 bats
  8 endoplasms
  3 goblins (D:1)
  7 hobgoblins
  3 jackals (D:2)
  3 kobolds
  4 rats
38 creatures vanquished.

Notes
Turn   | Place    | Note
-------+----------+-------------------------------------------
     0 | D:1      | Descartes the Spriggan Warper began the quest for the Orb.
     0 | D:1      | Reached XP level 1. HP: 10/10 MP: 5/5
    78 | D:1      | Reached skill level 1 in Stealth
   382 | D:1      | Reached skill level 2 in Stealth
   431 | D:1      | Reached XP level 2. HP: 9/14 MP: 6/6
   573 | D:1      | Reached skill level 3 in Stealth
   857 | D:1      | Reached skill level 4 in Stealth
  1166 | D:1      | Found a faded altar of an unknown god.
  1960 | D:1      | Reached XP level 3. HP: 16/18 MP: 8/8
  2107 | D:1      | Reached skill level 5 in Stealth
  2751 | D:2      | Noticed Natasha
  2770 | D:2      | Killed from afar by Natasha

Illustrated notes

Levels and vault maps discovered:
D:1:      dpeg_arrival_stone_temple_mockup, layout_basic,
          shapermc_ecumenical_altar_ellora, grunt_decor_fettered,
          minmay_tromino_i2
D:2:      layout_rooms, uniq_natasha

Skill      XL: |  1  2  3 |
---------------+----------+-----
Stealth        | 2 4 5 |  5.9
Fighting       | |  1.5
Short Blades   | |  2.1
Throwing       | |  1.0
Dodging        | |  3.2
Spellcasting   | |  2.6
Translocations | |  4.4

Action                   || total
-------------------------++-------
Melee: Short sword       ||   120
 Fire: Hunting sling     ||   116
 Stab: Sleeping          ||     4
Armor: Robe              ||    12
Dodge: Dodged            ||   136
